 Dungeon Crawl Stone Soup version 0.30-a0-867-g305f33218d (webtiles) character file.

Game seed: 16993622311986155955

2564 Newt the Basher (level 9, 0/54 HPs)
             Began as a Kobold Hunter on Mar 10, 2023.
             Was an Elder of Makhleb.
             Killed by divine providence
             ... invoked by an orc priest
              (10 damage)
             ... on level 7 of the Dungeon.
             The game lasted 00:07:46 (8585 turns).

Newt the Basher (Kobold Hunter)                     Turns: 8585, Time: 00:07:47

Health: 0/54       AC: 12    Str:  9    XL:     9   Next: 87%
Magic:  11/11      EV:  2    Int: 16    God:    Makhleb [****..]
Gold:   332        SH:  0    Dex: 20    Spells: 8/8 levels left

rFire   . . .      SeeInvis .    o - +6 club
rCold   . . .      Faith    .    (no shield)
rNeg    . . .      Spirit   .    x - +0 plate armour of Fallacy {rPois Str-2 Slay+5 Stlth-}
rPois   +          Reflect  .    (no helmet)
rElec   .          Rampage  .    (no cloak)
rCorr   .                        (no gloves)
Will    .....                    j - +1 pair of boots Stlth
                                 (no amulet)
HPRegen 0.29/turn                d - ring of wizardry
MPRegen 0.12/turn                p - +6 ring of intelligence

@: no status effects
A: small, no large weapons, nightstalker 3
a: Renounce Religion, Minor Destruction, Lesser Servant of Makhleb, Major
Destruction


You were on level 7 of the Dungeon.
You worshipped Makhleb.
Makhleb was greatly pleased with you.
You visited 1 branch of the dungeon, and saw 7 of its levels.
You also visited: Ossuary.

You collected 599 gold pieces.
You spent 267 gold pieces at shops.

Inventory:

Hand Weapons
 a - a +0 shortbow
 o - a +6 club (weapon)
Armour
 c - a +0 leather armour
 j - a +1 pair of boots (worn)
 x - the +0 plate armour of Fallacy (worn) {rPois Str-2 Slay+5 Stlth-}
   (You found it on level 4 of the Dungeon)

   Str:       It affects your strength (-2).
   Slay:      It affects your accuracy & damage with ranged weapons and melee
   (+5).
   rPois:     It protects you from poison.
   Stlth:     It makes you less stealthy.
 G - a +0 buckler
Jewellery
 d - a ring of wizardry (left hand)
 l - a ring of ice
 p - a +6 ring of intelligence (right hand)
Wands
 A - a wand of polymorph (9)
Scrolls
 b - a scroll of immolation
 e - 4 scrolls of vulnerability
 f - a scroll of torment
 i - 2 scrolls of amnesia
 k - 2 scrolls of identify
 s - a scroll of blinking
 w - 4 scrolls of teleportation
 y - a scroll of magic mapping
 F - a scroll of summoning
Potions
 g - 4 potions of heal wounds
 h - a potion of might
 m - 2 potions of degeneration
 n - 4 potions of flight
 q - 2 potions of berserk rage
 r - a potion of cancellation
 t - a potion of attraction
 u - a potion of ambrosia
 v - a potion of invisibility
 z - 2 potions of lignification
 B - a potion of mutation
 C - a potion of magic
 D - a potion of curing
 E - a potion of haste


   Skills:
 - Level 5.0 Fighting
 - Level 10.0 Maces & Flails
 - Level 6.8 Ranged Weapons
 - Level 2.4 Dodging
 - Level 1.3 Stealth
 + Level 3.9 Invocations


You had 8 spell levels left.
You didn't know any spells.
Your spell library contained the following spells:

 Spells                   Type           Power      Damage    Failure   Level
 Summon Small Mammal      Summ           0%         N/A       100%        1
 Momentum Strike          Conj/Tloc      0%         3d8       100%        2
 Call Canine Familiar     Summ           0%         N/A       100%        3
 Hailstorm                Conj/Ice       0%         3d3       100%        3
 Inner Flame              Hex/Fire       0%         N/A       100%        3
 Stone Arrow              Conj/Erth      0%         3d7       100%        3
 Summon Guardian Golem    Hex/Summ       0%         N/A       100%        3
 Animate Armour           Summ/Erth      0%         N/A       100%        4
 Flame Wave               Conj/Fire      0%         2d4       100%        4
 Ice Form                 Ice/Tmut       0%         N/A       100%        4
 Sticky Flame             Conj/Fire      0%         2d3       100%        4
 Simulacrum               Ice/Necr       0%         N/A       100%        6
 Lehudib's Crystal Spear  Conj/Erth      0%         10d2      100%        8


Dungeon Overview and Level Annotations

Branches:
Dungeon (7/15)             Temple (0/1) D:6         Ossuary (visited)

Altars:
Gozag
Makhleb
Ru
Vehumet

Shops:
D:4 *   D:7 ?

Annotations:
D:7 2 transporters, luigi's ghost, novice DrTm


Innate Abilities, Weirdness & Mutations

You are small and have problems with some larger weapons.
You are completely attuned to the shadows.


Message History

You are too injured to fight recklessly!
Unknown command.
You barely miss the orc.
The orc is almost dead.
The orc attacks as you move away! The orc hits you but does no damage.
The orc priest looks braver for a moment.
Unknown command.
You thump the kobold!
You kill the kobold!
Makhleb accepts your kill.
You feel better.
You hit the orc.
You kill the orc!
Makhleb accepts your kill.
You feel better.
You hit the kobold.
You kill the kobold!
Makhleb accepts your kill.
You hit the orc priest.
The orc priest is moderately wounded.
The orc priest looks encouraged for a moment.
You hit the orc priest but do no damage.
The orc priest is moderately wounded.
You barely miss the orc priest.
The orc priest is moderately wounded.
The orc priest hits you with a +0 dagger.
You hit the orc priest but do no damage.
You punch the orc priest, but do no damage.
The orc priest is moderately wounded.
The orc priest hits you but does no damage.
You hit the orc priest.
The orc priest is heavily wounded.
The orc priest calls down the wrath of Beogh upon you.
Pain shoots through your body!
* * * LOW HITPOINT WARNING * * *
You hit the orc priest.
The orc priest is heavily wounded.
The orc priest mumbles some strange prayers to Beogh against you.
Beogh smites you!
You die...

..............##...#############
....)..............#.....#.....##
.........).)....................#
..........#......................
......... #.###..................
......... .. ##................)
#................. #
#................. #
#@##.............# #
##o###.....#.....## # .###).#
############# # ...).## ####+#
.....# .....# .....# ..?..#.
###..K .......


#ooK ....## You could see an orc priest.

Vanquished Creatures
  A wraith (D:7)
  A steam dragon (D:6)
  A water moccasin (D:7)
  An ice beast (D:7)
  2 black bears (D:6)
  2 sky beasts
  An ogre (D:5)
  A kobold brigand (D:7)
  A phantom (D:4)
  A scorpion (D:6)
  5 bullfrogs
  4 wights (D:7)
  A howler monkey (D:6)
  3 jellies
  2 orc priests
  5 hounds
  A sleepcap (D:4)
  Jessica (D:3)
  2 iguanas
  3 orc wizards
  8 mummies (Ossuary)
  10 gnolls
  4 adders
  A shadow imp (D:7)
  3 white imps
  An ufetubus (D:6)
  A worm (D:2)
  6 dart slugs
  22 orcs
  6 endoplasms
  5 giant cockroaches
  2 gnoll zombies (Ossuary)
  4 hobgoblins
  3 quokkas
  8 ball pythons
  4 bats
  A frilled lizard (D:1)
  6 goblins
  3 hobgoblin zombies (Ossuary)
  9 kobolds
  2 kobold zombies (Ossuary)
  An orc zombie (Ossuary)
  7 rats
156 creatures vanquished.

Notes
Turn   | Place    | Note
-------+----------+-------------------------------------------
     0 | D:1      | Newt the Kobold Hunter began the quest for the Orb.
     0 | D:1      | Reached XP level 1. HP: 12/12 MP: 1/1
    45 | D:1      | Found a faded altar of an unknown god.
    55 | D:1      | Prayed at the altar of an unknown god.
    55 | D:1      | Became a worshipper of Makhleb the Destroyer
    55 | D:1      | Reached * piety under Makhleb
   200 | D:1      | Reached XP level 2. HP: 18/18 MP: 2/2
   553 | D:1      | Reached XP level 3. HP: 22/24 MP: 3/3
  1168 | D:2      | Reached ** piety under Makhleb
  1169 | D:2      | Reached XP level 4. HP: 30/30 MP: 4/4
  1183 | D:2      | Reached skill level 5 in Fighting
  1650 | D:2      | Reached XP level 5. HP: 35/35 MP: 5/5
  2342 | D:3      | Noticed Jessica
  2350 | D:3      | Killed Jessica
  2585 | D:3      | Got Jessica's Vellum of Correspondence
  2605 | D:3      | Found an opulent altar of Gozag.
  2743 | D:3      | Found a burning altar of Makhleb.
  3106 | D:4      | Found Meollau's Assorted Antiques.
  3112 | D:4      | Bought a scroll of identify for 54 gold pieces
  3112 | D:4      | Bought a scroll labelled WUFROR VIEF for 27 gold pieces
  3116 | D:4      | Identified the +0 plate armour of Fallacy {rPois Str-2
                  | Slay+5 Stlth-}
  3173 | D:4      | Reached skill level 1 in Maces & Flails
  3173 | D:4      | Reached XP level 6. HP: 40/40 MP: 6/6
  3255 | D:4      | Reached skill level 2 in Maces & Flails
  3437 | D:4      | You fall into a shaft and drop 2 floors!
  3439 | D:6      | Found a radiant altar of Vehumet.
  3488 | D:6      | Found a sacrificial altar of Ru.
  3544 | D:6      | Reached skill level 3 in Maces & Flails
  3544 | D:6      | Reached XP level 7. HP: 39/44 MP: 7/7
  3546 | D:5      | Entered Level 5 of the Dungeon
  3676 | D:5      | Reached skill level 4 in Maces & Flails
  4158 | D:5      | Reached skill level 5 in Maces & Flails
  4167 | D:5      | Reached *** piety under Makhleb
  5105 | D:4      | Reached XP level 8. HP: 42/49 MP: 8/8
  5349 | D:4      | Reached skill level 6 in Maces & Flails
  5733 | D:6      | Reached skill level 7 in Maces & Flails
  6322 | D:6      | Reached skill level 8 in Maces & Flails
  6374 | D:6      | Reached XP level 9. HP: 41/54 MP: 9/9
  6537 | D:6      | Found a staircase to the Ecumenical Temple.
  6761 | D:7      | Noticed luigi's ghost (novice DrTm)
  6780 | D:7      | Reached skill level 9 in Maces & Flails
  6812 | D:7      | Found a transporter.
  6822 | D:7      | Found Piask's Magic Scroll Shop.
  6849 | D:7      | Bought 3 scrolls of identify for 72 gold pieces
  6849 | D:7      | Bought a scroll of identify for 24 gold pieces
  6849 | D:7      | Bought a scroll of magic mapping for 90 gold pieces
  6935 | D:7      | Found a sand-covered staircase.
  6945 | Ossuary  | Entered an ossuary
  8143 | D:7      | Found a transporter.
  8178 | D:7      | Reached skill level 10 in Maces & Flails
  8178 | D:7      | Reached skill level 1 in Invocations
  8569 | D:7      | Reached **** piety under Makhleb
  8585 | D:7      | Killed from afar by an orc priest

Illustrated notes

Levels and vault maps discovered:
D:1:      denvon_arrival_planthouse, layout_basic,
          shapermc_ecumenical_altar_acropolis
D:2:      layout_basic, serial_bayou_pond_d, minmay_worlds_worst_comb
D:3:      layout_rooms, mainiacjoe_overflow_cross_hatched,
          nicolae_gozag_cash_rules_everything_around_me,
          kennysheep_jessica_study
D:4:      layout_rooms, serial_shops, shop_fountains, kennysheep_generic_room_14
D:5:      layout_basic
D:6:      layout_loops_ring, nicolae_ru_the_path_less_chosen,
          mainiacjoe_overflow_six_doors_small, minmay_temple_entry_proselytizer
D:7:      layout_rooms, zin_angel, serial_shops, shop_statue,
          gammafunk_ghost_stat_death, nicolae_ossuary_entry_monument

Skill      XL: |  1  2  3  4  5  6  7  8  9 |
---------------+----------------------------+-----
Fighting       | 3 4 5 |  5.0
Ranged Weapons | 6 |  6.8
Maces & Flails | 1 3 5 8 10 | 10.0
Invocations    | 3 |  3.9
Dodging        | |  2.4
Stealth        | |  1.3

Action                     |  1- 3 |  4- 6 |  7- 9 || total
---------------------------+-------+-------+-------++-------
  Melee: Club              |       |    44 |   332 ||   376
         Punch             |       |     1 |     6 ||     7
   Fire: Shortbow          |    72 |    85 |       ||   157
    Use: Scroll            |     3 |     8 |     9 ||    20
         Potion            |     1 |     2 |     5 ||     8
 Armour: Leather armour    |     1 |    13 |       ||    14
         Plate armour      |       |    30 |   281 ||   311
  Dodge: Dodged            |    19 |    57 |    23 ||    99

Table legend: (Time is in decaauts)
 A = Elapsed time spent in this place.
 B = Non-inter-level travel time spent in this place.
 C = Inter-level travel time spent in this place.
 D = Time resting spent in this place.
 E = Time spent auto-exploring this place.
 F = Levels seen in this place.
 G = Mean time per level.
                   A        B        C        D        E       F      G
               +--------+--------+--------+--------+--------+-----+--------+
         Total |   8636 |   8431 |    205 |   2443 |   4904 |   8 | 1079.5 |
       Dungeon |   7645 |   7440 |    205 |   1712 |   4746 |   7 | 1092.1 |
       Ossuary |    991 |    991 |      0 |    731 |    158 |   1 |  991.0 |
               +--------+--------+--------+--------+--------+-----+--------+

Top non-repeatable levels by time:
     D:5: 1886 daAuts
     D:2: 1485 daAuts
 Ossuary: 991 daAuts
     D:3: 912 daAuts
     D:4: 906 daAuts
     D:6: 879 daAuts
     D:7: 823 daAuts
     D:1: 751 daAuts
